 Seeded DCSS version 0.30-a0-800-g7c544603b3 (webtiles) character file.

Game seed: 8796237800415217726 (custom seed)

4733 BigDaddyOpFi the Fighter (level 10, -5/63 HPs)
             Began as a Gargoyle Fighter on Feb 21, 2023.
             Was a Believer of Hepliaklqana.
             Slain by an orc warrior
             ... wielding a +0 glaive
              (17 damage)
             ... in a bailey.
             The game lasted 00:07:47 (7819 turns).

BigDaddyOpFi the Fighter (Gargoyle Fighter)         Turns: 7819, Time: 00:07:48

Health: -5/63      AC: 20    Str: 24    XL:     10   Next: 46%
Magic:  14/14      EV:  6    Int:  9    God:    Hepliaklqana [**....]
Gold:   471        SH: 10    Dex: 13    Spells: 9/9 levels left

rFire   + . .      SeeInvis .    v - +4 hand axe "Fumm" {freeze, *Rage Dex+4}
rCold   + + +      Faith    .    E - +0 kite shield
rNeg    + . .      Spirit   .    h - +0 plate armour of Absolutism {Will+}
rPois   ∞          Reflect  .    (no helmet)
rElec   +          Harm     .    i - -2 cloak of the Goldsmith {Contam rElec rC+++ Stlth+}
rCorr   .          Rampage  .    (no gloves)
Will    +....      Rage     20%  (no boots) Stlth
                                 n - amulet of regeneration
HPRegen 1.10/turn                A - ring of protection from fire
MPRegen 0.14/turn                (no ring)

@: mighty, studying Fighting
A: reduced essence, sickness immunity, AC +7, negative energy resistance 1,
electricity resistance, torment resistance 1, petrification resistance
a: Renounce Religion, Recall Ancestor, Ancestor Identity


You were in a bailey.
You worshipped Hepliaklqana.
Hepliaklqana was pleased with you.
You visited 2 branches of the dungeon, and saw 10 of its levels.
You also visited: Bailey.

You collected 471 gold pieces.

Inventory:

Hand Weapons
 a - a +0 war axe
 v - the +4 hand axe "Fumm" (weapon) {freeze, *Rage Dex+4}
   (You found it on level 2 of the Dungeon)

   Dex:       It affects your dexterity (+4).
   *Rage:     It berserks you when you make melee attacks (+20% chance).
Armour
 h - the +0 plate armour of Absolutism (worn) {Will+}
   (You acquired it on level 1 of the Dungeon)

   Will:      It increases your willpower.
 i - the -2 cloak of the Goldsmith (worn) {Contam rElec rC+++ Stlth+}
   (You acquired it on level 1 of the Dungeon)

   rC:        It renders you almost immune to cold.
   rElec:     It insulates you from electricity.
   Contam:    It causes magical contamination when unequipped.
   Stlth:     It makes you more stealthy.
 E - a +0 kite shield (worn)
Jewellery
 n - an amulet of regeneration (around neck)
 A - a ring of protection from fire (left hand)
 D - an amulet of guardian spirit
Wands
 j - a wand of paralysis (10)
 y - a wand of flame (43)
 C - a wand of polymorph (8)
Scrolls
 c - 2 scrolls of teleportation
 k - 3 scrolls of noise
 p - 11 scrolls of identify
 r - a scroll of enchant weapon {unknown}
 s - 4 scrolls of enchant armour {unknown}
 t - 2 scrolls of poison {unknown}
 x - a scroll of summoning {unknown}
 B - 4 scrolls of fear {unknown}
Potions
 b - a potion of magic {unknown}
 d - 2 potions of might
 e - 5 potions of curing
 f - 2 potions of attraction {unknown}
 g - 3 potions of berserk rage {unknown}
 l - a potion of mutation {unknown}
 m - 2 potions of lignification {unknown}
 o - 3 potions of invisibility {unknown}
 u - 3 potions of brilliance {unknown}
 w - a potion of degeneration {unknown}
 z - a potion of haste {unknown}


   Skills:
 + Level 11.4 Fighting
 + Level 6.7 Axes
 + Level 8.4 Armour
 + Level 8.5 Shields
 + Level 5.4 Invocations


You had 9 spell levels left.
You didn't know any spells.
Your spell library contained the following spells:

 Spells                   Type           Power      Damage    Failure   Level
 Kiss of Death            Conj/Necr      0%         2d5       100%        1
 Magic Dart               Conj           0%         1d3       100%        1
 Call Imp                 Summ           0%         N/A       100%        2
 Lesser Beckoning         Tloc           0%         N/A       100%        2
 Confusing Touch          Hex            0%         N/A       100%        3
 Gell's Gravitas          Tloc           0%         N/A       100%        3
 Ignite Poison            Fire/Tmut/Pois 0%         N/A       100%        3
 Kindle Blastsparks       Fire/Tloc/Air  0%         2d10      100%        3
 Mephitic Cloud           Conj/Pois/Air  0%         N/A       100%        3
 Teleport Other           Tloc           0%         N/A       100%        3
 Dispel Undead            Necr           0%         3d6       100%        4
 Freezing Cloud           Conj/Ice/Air   0%         6-21      100%        5


Dungeon Overview and Level Annotations

Branches:
Dungeon (9/15)             Temple (1/1) D:6            Lair (0/5) D:8
 Bailey (1/1)
    Orc: D:9-12

Altars:
Ashenzari
Cheibriados
Dithmenos
Fedhas
Gozag
Hepliaklqana
Makhleb
Okawaru
Qazlal
Sif Muna
Trog
Uskayaw
Vehumet
Xom
Yredelemnul

Shops:
D:1 :   D:2 *   D:5 (   D:9 *=

Annotations:
Bailey 2 runed translucent doors


Innate Abilities, Weirdness & Mutations

Your life essence is reduced to manifest your ancestor. (-10% HP)
You are immune to sickness and miasma.
Your stone body is resilient. (AC +7)
You are immune to poison.
You resist negative energy. (rN+)
You are resistant to electric shocks. (rElec)
You are resistant to unholy torment.
You are immune to petrification.


Message History

You hit the orc knight. You freeze the orc knight.
The orc knight is moderately wounded.
The orc knight hits you with a +0 glaive.
The orc warrior hits you but does no damage.
Impisi hits the orc knight with a +0 flail!
The orc warrior closely misses you.
The orc knight hits you but does no damage.
The orc knight attacks as you move away!
The orc knight hits you with a +0 glaive.
* * * LOW HITPOINT WARNING * * *
Impisi closely misses the orc knight.
You block the orc knight's attack.
Impisi hits the orc knight with a +0 flail.
The orc knight hits you from afar with a +0 glaive.
* * * LOW HITPOINT WARNING * * *
Impisi hits the orc knight with a +0 flail.
Impisi blocks the orc knight's attack.
Impisi barely misses the orc knight.
The orc knight closely misses Impisi.
The orc warrior hits Impisi with a +0 trident.
Impisi hits the orc knight with a +0 flail.
The orc knight hits Impisi with a +0 glaive!
The orc warrior barely misses Impisi.
Impisi hits the orc knight with a +0 flail!
The orc knight hits Impisi with a +0 glaive!!
Impisi barely misses the orc knight.
Impisi blocks the orc knight's attack.
The orc warrior no longer looks unusually strong. x2
Impisi closely misses the orc warrior.
Impisi blocks something's attack.
Impisi hits the orc knight with a +0 flail!
The orc knight roars a battlecry!
The orc warriors go into a battle-frenzy!
The orc warrior hits you with a +0 glaive!
* * * LOW HITPOINT WARNING * * *
You completely miss the orc warrior.
Impisi hits the orc knight with a +0 flail.
Impisi blocks the orc knight's attack.
You closely miss the orc warrior.
Impisi hits the orc knight but does no damage.
The orc knight hits Impisi with a +0 glaive!!
Impisi is destroyed!
The orc warrior hits you with a +0 glaive!
You die...

♣.≈≈≈≈≈ #...≈≈≈≈≈♣..#### ###
#.♣..≈≈≈≈♣..#$.##########.$#
.....≈≈≈≈...#...@.o........#
..♣..≈≈≈≈.♣.##..o).....o..##
.....≈≈≈≈....#))########..#
....######...#.8##?e..##8.#
.............#..#[!....#..#
......)......'..#?[##..+..#
.............').#}$ ..+..#
.............#..#![ ..#..#
....######...#.8##$ .##8.#


You could see an orc knight (unaware) and 2 orc warriors.

Vanquished Creatures
  A rime drake (D:8)
  A polar bear (D:8)
  A water moccasin (D:7)
  3 ice beasts
  A sky beast (D:7)
  2 black bears
  3 orc warriors
  2 ogres
  A wolf (D:8)
  3 centaurs
  A kobold brigand (D:9)
  A bullfrog (D:8)
  2 necrophages (D:6)
  A gnoll sergeant (D:8)
  2 scorpions
  7 wights
  9 killer bees
  2 howler monkeys (D:7)
  7 jellies
  2 hounds
  2 gnoll boudas
  4 orc priests
  2 iguanas (D:6)
  7 orc wizards
  13 gnolls
  8 adders
  A shadow imp (D:5)
  2 ufetubi
  A worm (D:2)
  28 orcs
  9 endoplasms
  6 giant cockroaches
  5 hobgoblins
  11 jackals
  3 quokkas
  4 ball pythons
  5 bats
  5 goblins
  7 kobolds
  5 rats
180 creatures vanquished.

Vanquished Creatures (collateral kills)
  An ice beast (D:8)
  3 orc warriors (Bailey)
  A centaur (D:9)
  A wight (D:9)
  2 orc priests (D:9)
  6 orcs
  3 goblins (D:9)
  A kobold (D:9)
18 creatures vanquished.

Vanquished Creatures (others)
  A knight (Bailey)
1 creature vanquished.

Grand Total: 199 creatures vanquished

Notes
Turn   | Place    | Note
-------+----------+-------------------------------------------
     0 | D:1      | BigDaddyOpFi the Gargoyle Fighter began the quest for the
                  | Orb.
     0 | D:1      | Reached XP level 1. HP: 14/14 MP: 1/1
    62 | D:1      | Found Veoliky's Book Emporium.
    83 | D:1      | Identified 3 scrolls of acquirement
    83 | D:1      | Acquired a manual of Fighting
    86 | D:1      | Acquired the -2 cloak of the Goldsmith {Contam rElec rC+++
                  | Stlth+}
    88 | D:1      | Acquired the +0 plate armour of Absolutism {Will+}
   141 | D:1      | Reached XP level 2. HP: 13/19 MP: 2/2
   595 | D:2      | Reached XP level 3. HP: 24/24 MP: 3/3
   681 | D:2      | Found a faded altar of an unknown god.
   687 | D:2      | Reached skill level 4 in Fighting
   700 | D:2      | Reached XP level 4. HP: 30/30 MP: 4/4
   972 | D:2      | Identified the +4 hand axe "Fumm" {freeze, *Rage Dex+4}
  1158 | D:2      | Found Fuiquv's Assorted Antiques.
  2081 | D:4      | Reached XP level 5. HP: 29/34 MP: 5/5
  2084 | D:4      | Reached skill level 5 in Fighting
  2126 | D:4      | Reached XP level 6. HP: 31/40 MP: 6/6
  2727 | D:5      | Entered Level 5 of the Dungeon
  2739 | D:5      | Reached skill level 6 in Fighting
  2868 | D:5      | Reached skill level 5 in Armour
  2868 | D:5      | Reached skill level 5 in Shields
  2873 | D:5      | Reached XP level 7. HP: 46/46 MP: 7/7
  3514 | D:5      | Reached skill level 7 in Fighting
  3989 | D:5      | Found Zunkiod's Weapon Emporium.
  4582 | D:6      | Reached XP level 8. HP: 53/53 MP: 8/8
  4821 | D:6      | Found a staircase to the Ecumenical Temple.
  4833 | D:6      | Reached skill level 8 in Fighting
  4973 | Temple   | Entered the Ecumenical Temple
  5004 | Temple   | Became a worshipper of Hepliaklqana the Forgotten
  5487 | D:6      | Reached skill level 1 in Invocations
  5598 | D:7      | Reached skill level 5 in Axes
  5633 | D:7      | Reached skill level 9 in Fighting
  5633 | D:7      | Reached XP level 9. HP: 36/60 MP: 10/10
  6675 | D:8      | Reached skill level 10 in Fighting
  6804 | D:8      | Reached * piety under Hepliaklqana
  6909 | D:8      | Reached XP level 10. HP: 61/61 MP: 13/13
  6972 | D:8      | Reached skill level 11 in Fighting
  6972 | D:8      | Reached skill level 5 in Invocations
  6973 | D:8      | Found a staircase to the Lair.
  7604 | D:9      | Reached ** piety under Hepliaklqana
  7607 | D:9      | Remembered your ancestor Impisi as a knight
  7615 | D:9      | Found Plog's Assorted Antiques.
  7635 | D:9      | Found Rosap's Jewellery Shoppe.
  7639 | D:9      | Found a flagged portal.
  7740 | Bailey   | Entered a bailey
  7789 | Bailey   | Found a large runed translucent door.
  7789 | Bailey   | Found a large runed translucent door.
  7795 | Bailey   | Noticed an orc knight
  7796 | Bailey   | Noticed a deep elf zephyrmancer
  7797 | Bailey   | Found the +10 tower shield of Ignorance {rN+ Int-4}
  7819 | Bailey   | Slain by an orc warrior

Illustrated notes

Levels and vault maps discovered:
D:1:      heliophobic_arrival_henge, layout_rooms, serial_shops, shop_statue
D:2:      layout_basic, serial_shops, nicolae_lakefront_shop,
          ebering_ecumenical_altar_ruins
D:3:      layout_basic
D:4:      layout_rooms, kennysheep_generic_room_4
D:5:      layout_loops_corners, serial_shops, nicolae_shop_behind_doors
D:6:      layout_layer_cave, minmay_temple_entry_arrows, chequers_avenue
D:7:      layout_rooms, serial_aquarium, aquarium_bridge_straight
          [aquarium_subvault_bridge, aquarium_subvault_wall,
          aquarium_subvault_bridge, aquarium_subvault_window],
          aquarium_window_corridor_1, aquarium_window_1, aquarium_window_fake,
          aquarium_window_1, aquarium_view_2c, aquarium_view_2b,
          aquarium_balcony_3b, aquarium_pool_2
D:8:      layout_loops_ring, hellmonk_lair_entry_icy
D:9:      layout_irregular_city, nicolae_overflow_squiral, enter_bailey_3,
          serial_shops, shop, shop, nicolae_shop_window_shopping,
          nicolae_shop_hallway_stairs, shop, doesnt_shop_hydraphobe
Temple:   nicolae_temple_bog_church
Bailey:   bailey_polearm_elven_captive_hellmonk, bailey

Skill      XL: |  1  2  3  4  5  6  7  8  9 10 |
---------------+-------------------------------+-----
Axes           | 2 3 4 5 6 |  6.7
Fighting       | 4 5 6 7 9 10 11 | 11.4
Shields        | 4 5 6 7 8 |  8.5
Armour         | 4 5 6 7 8 |  8.4
Invocations    | 2 4 5 |  5.4

Action                     |  1- 3 |  4- 6 |  7- 9 | 10-12 || total
---------------------------+-------+-------+-------+-------++-------
  Melee: War axe           |    64 |     3 |       |       ||    67
         Hand axe          |       |    79 |   248 |    64 ||   391
 Invoke: Ancestor Life: Kn |       |       |       |     1 ||     1
    Use: Scroll            |     3 |     6 |       |     1 ||    10
         Potion            |       |       |       |     2 ||     2
 Armour: Plate armour      |    52 |    58 |   191 |    60 ||   361
         Scale mail        |     3 |       |       |       ||     3
  Dodge: Dodged            |    28 |    27 |    71 |    23 ||   149
  Block: Buckler           |    16 |    27 |    50 |       ||    93
         Kite shield       |       |       |    65 |    53 ||   118

Table legend: (Time is in decaauts)
 A = Elapsed time spent in this place.
 B = Non-inter-level travel time spent in this place.
 C = Inter-level travel time spent in this place.
 D = Time resting spent in this place.
 E = Time spent auto-exploring this place.
 F = Levels seen in this place.
 G = Mean time per level.
                   A        B        C        D        E       F      G
               +--------+--------+--------+--------+--------+-----+--------+
         Total |   8245 |   7996 |    249 |   2283 |   4456 |  11 |  749.5 |
       Dungeon |   8124 |   7884 |    240 |   2283 |   4456 |   9 |  902.7 |
        Temple |     41 |     32 |      9 |      0 |      0 |   1 |   41.0 |
        Bailey |     79 |     79 |      0 |      0 |      0 |   1 |   79.0 |
               +--------+--------+--------+--------+--------+-----+--------+

Top non-repeatable levels by time:
     D:5: 1508 daAuts
     D:6: 1417 daAuts
     D:8: 1132 daAuts
     D:2: 1100 daAuts
     D:7: 967 daAuts
     D:4: 710 daAuts
     D:1: 559 daAuts
     D:3: 499 daAuts
     D:9: 227 daAuts
  Bailey: 79 daAuts
  Temple: 41 daAuts
